 Dungeon Crawl Stone Soup version 0.19-a0-944-gb338e1e (webtiles) character file.

1512 TheGoonsmith the Destroyer (level 8, -4/61 HPs)
             Began as a Deep Elf Fire Elementalist on July 9, 2016.
             Was an Initiate of Vehumet.
             Slain by a boulder beetle (17 damage)
             ... on level 7 of the Dungeon.
             The game lasted 00:10:30 (6538 turns).

TheGoonsmith the Destroyer (DEFE)                   Turns: 6538, Time: 00:10:31

Health: -4/61      AC: 26    Str:  5    XL:     8   Next: 53%
Magic:  12/21      EV:  2    Int: 23    God:    Vehumet [......]
Gold:   103        SH:  0    Dex: 15    Spells: 4 memorised, 9 levels left

rFire  . . .     SeeInvis +     x - staff of conjuration
rCold  . . .     Gourm    .     (armour currently unavailable)
rNeg   + + +     Faith    .     (no shield)
rPois  +         Spirit   .     (helmet currently unavailable)
rElec  .         Dismiss  .     (cloak currently unavailable)
rCorr  .         Reflect  .     (gloves currently unavailable)
SustAt .         Harm     .     (boots currently unavailable)
MR     .....     NoTele   +     (no amulet)
Stlth  +++.......               C - +2 ring of protection
                                y - ring of see invisible

@: tree-form, not resistant to hostile enchantments, fairly stealthy
A: no striking features
a: Renounce Religion


You were on level 7 of the Dungeon.
You worshipped Vehumet.
Vehumet was noncommittal.
You were hungry.
You were a tree.
You visited 2 branches of the dungeon, and saw 8 of its levels.

You collected 344 gold pieces.
You spent 241 gold pieces at shops.

Inventory:

Hand Weapons
 g - a +0 flail
Armour
 a - a +0 robe
 u - a +1 cloak of poison resistance (melded)
 B - the +2 robe of Wojemoo (melded) {rElec MR- Dex+7}
   (You found it on level 6 of the Dungeon)

   It affects your dexterity (+7).
   It insulates you from electricity.
   It affects your resistance to hostile enchantments.
 F - a +0 helmet (melded)
 G - a +0 robe
 H - a +0 pair of gloves (melded)
Magical Staves
 x - an uncursed staff of conjuration (weapon)
Jewellery
 h - an uncursed amulet of guardian spirit
 y - a ring of see invisible (left branch)
 C - a +2 ring of protection (right branch)
Wands
 d - a wand of confusion (16/48)
 p - a wand of iceblast (5/15)
 E - a wand of flame (27/48)
Scrolls
 l - 2 scrolls of noise
 m - a scroll of enchant armour
 q - 2 scrolls of remove curse
 r - 4 scrolls of identify
 D - a scroll of teleportation
 I - a scroll of magic mapping
 J - a scroll of blinking {unknown}
Potions
 e - 3 potions of flight {unknown}
 i - a potion of degeneration
 j - 2 potions of cure mutation
 k - a potion of lignification
 n - a potion of resistance {unknown}
 v - a potion of heal wounds {unknown}
 w - a potion of haste {unknown}
 A - a potion of invisibility {unknown}
Books
 b - a book of Flames

   Spells                             Type                      Level
   a - Flame Tongue                   Conjuration/Fire             1
   b - Throw Flame                    Conjuration/Fire             2
   c - Conjure Flame                  Conjuration/Fire             3
   d - Inner Flame                    Hexes/Fire                   3
   e - Sticky Flame                   Conjuration/Fire             4
   f - Fireball                       Conjuration/Fire             5
Comestibles
 c - 8 bread rations
 f - 3 meat rations
 o - 3 beef jerkies
 s - 2 slices of pizza
 t - 3 royal jellies
 z - 5 fruits


   Skills:
 - Level 2.4 Dodging
 - Level 2.4 Stealth
 + Level 7.7 Spellcasting
 * Level 8.4 Conjurations
 + Level 6.5 Fire Magic


You had 9 spell levels left.
You knew the following spells:

 Your Spells              Type           Power        Failure   Level  Hunger
a - Flame Tongue          Conj/Fire      #####        1%          1    None
c - Conjure Flame         Conj/Fire      ######..     1%          3    None
f - Fireball              Conj/Fire      ######....   12%         5    #####..
s - Sticky Flame          Conj/Fire      ######..     4%          4    ###....


Dungeon Overview and Level Annotations

Branches:
Dungeon (7/15)             Temple (1/1) D:6

Altars:
Ashenzari
Cheibriados
Dithmenos
Elyvilon
Fedhas
Gozag
Hepliaklqana
Kikubaaqudgha
Makhleb
Nemelex Xobeh
Qazlal
Ru
Sif Muna
Trog
Uskayaw
Vehumet
Xom
Yredelemnul
Zin
The Shining One

Shops:
D:7 [

Annotations:
D:1 1 runed door


Message History

Ouch! That really hurt!
* * * LOW HITPOINT WARNING * * *
Casting: Flame Tongue
Confirm with . or Enter, or press ? or * to list all spells.
Aiming: Flame Tongue
Press: ? - help, Shift-Dir - straight line, f/p - boulder beetle
Aim: a boulder beetle (heavily wounded, covered in liquid flames)
You feel a surge of power!
The flame tongue hits the boulder beetle.
The boulder beetle appears unharmed.
The boulder beetle is heavily wounded.
The boulder beetle burns!
You turn into a tree.
Your +1 cloak of poison resistance melds into your body.
Your +0 helmet melds into your body.
Your +0 pair of gloves melds into your body.
The +2 robe of Wojemoo {rElec MR- Dex+7} melds into your body.
Your roots penetrate the ground.
The boulder beetle burns!
The boulder beetle bites you!
You die...

##.......<.#
##.######### ....#
... ##..# #.# #..#
#.# # #### #### #.#
# #.. #.# # #.# #.#
# #♣# #.# #
#B########.#######
#..B§§§...........
####################
#...................
#.##########........
#.# #.#####.. #.#
#.#<.##.. #.#
#.##.##..


You could see a boulder beetle (burning).

Vanquished Creatures
  A sky beast (D:6)
  An ice beast (D:5)
  A black bear (D:5)
  2 ogres (D:6)
  A centaur (D:5)
  A giant frog (D:6)
  A scorpion (D:4)
  A centaur zombie (D:6)
  3 hounds
  5 orc wizards
  3 orc priests
  Crazy Yiuf (D:3)
  A giant frog skeleton (D:4)
  A jelly (D:7)
  An iguana (D:5)
  Ijyb (D:2)
  4 worker ants
  2 gnolls
  15 adders
  A shadow imp (D:6)
  3 oozes
  An adder skeleton (D:5)
  3 worms
  A dart slug (D:2)
  4 giant geckos
  21 orcs
  3 giant cockroaches
  3 goblins
  5 hobgoblins
  12 jackals
  3 quokkas
  2 ball pythons
  3 bats
  2 giant gecko skeletons
  5 giant newts
  6 kobolds
  A quokka zombie (D:5)
  6 rats
131 creatures vanquished.

Notes
Turn   | Place    | Note
-------+----------+-------------------------------------------
     0 | D:1      | TheGoonsmith the Deep Elf Fire Elementalist began the quest for the Orb.
     0 | D:1      | Reached XP level 1. HP: 10/10 MP: 6/6
     1 | D:1      | Found a runed door.
    63 | D:1      | Reached skill level 2 in Conjurations
    63 | D:1      | Reached XP level 2. HP: 15/15 MP: 1/8
   362 | D:1      | Reached XP level 3. HP: 19/19 MP: 7/10
   745 | D:2      | Found a shadowy altar of Dithmenos.
   751 | D:2      | Found a faded altar of an unknown god.
   834 | D:2      | Noticed Ijyb
   952 | D:2      | Killed Ijyb
   952 | D:2      | Reached skill level 3 in Conjurations
   952 | D:2      | Reached XP level 4. HP: 17/24 MP: 1/11
  1125 | D:2      | Learned a level 4 spell: Sticky Flame
  1129 | D:2      | Learned a level 3 spell: Conjure Flame
  1476 | D:3      | Reached XP level 5. HP: 21/28 MP: 7/14
  1925 | D:3      | Reached skill level 4 in Conjurations
  2200 | D:3      | Found a runed door.
  2528 | D:3      | Noticed Crazy Yiuf
  2534 | D:3      | Killed Crazy Yiuf
  2624 | D:4      | Reached skill level 5 in Spellcasting
  2677 | D:4      | Reached XP level 6. HP: 29/32 MP: 9/15
  2978 | D:4      | Reached skill level 5 in Conjurations
  3180 | D:4      | Reached skill level 5 in Fire Magic
  3503 | D:5      | Entered Level 5 of the Dungeon
  3573 | D:5      | Found a deep blue altar of Sif Muna.
  3580 | D:5      | Reached XP level 7. HP: 12/36 MP: 10/17
  3813 | D:5      | Reached skill level 6 in Conjurations
  4796 | D:6      | Reached skill level 7 in Conjurations
  4800 | D:6      | Reached XP level 8. HP: 16/41 MP: 3/20
  5267 | D:6      | Found a staircase to the Ecumenical Temple.
  5276 | Temple   | Entered the Ecumenical Temple
  5434 | Temple   | Became a worshipper of Vehumet
  5740 | D:6      | Reached skill level 8 in Conjurations
  5863 | D:6      | Got a dull robe
  5864 | D:6      | Identified the +2 robe of Wojemoo {rElec MR- Dex+7} (You found it on level 6 of the Dungeon)
  6109 | D:7      | Found Arghalar's Antique Armour Shop.
  6117 | D:7      | Bought a helmet for 112 gold pieces
  6117 | D:7      | Bought an embroidered robe for 17 gold pieces
  6117 | D:7      | Bought a pair of gloves for 112 gold pieces
  6151 | D:7      | Identified a scroll of acquirement
  6263 | D:7      | Learned a level 5 spell: Fireball
  6525 | D:7      | Noticed a boulder beetle
  6538 | D:7      | Slain by a boulder beetle

Vault maps used:
D:1:      dpeg_arrival_caged_fury
D:2:      ecumenical_altar_2, grunt_dithmenos_smoke, uniq_iyjb
D:3:      serial_co_window_serial, co_window_paths_a, co_window_paths_a,
          co_window_of_opportunity_a, co_window_paths_a, co_window_paths_b,
          co_window_2corner, co_window_unsneaky_path_b,
          co_window_of_opportunity_b, co_window_cross_3,
          co_window_unsneaky_path_d, co_window_paths_c, glass_columns_a,
          glass_columns_c, glass_columns_a, first_bread, uniq_crazy_yiuf_cottage
D:5:      black_bear_nest_1, lemuel_round_altar, st_stairs_8
D:7:      boulder_indie, serial_shops, nicolae_shop_trees
Temple:   roderic_octagonal_lattice_temple

Skill      XL: |  1  2  3  4  5  6  7  8 |
---------------+-------------------------+-----
Conjurations   | 2 3 4 5 7 8 |  8.4
Spellcasting   | 4 5 6 7 |  7.7
Fire Magic     | 4 5 6 |  6.5
Dodging        | |  2.4
Stealth        | |  2.4

Action                   |  1- 3 |  4- 6 |  7- 9 || total
-------------------------+-------+-------+-------++-------
Melee: Flail             |     2 |     2 |       ||     4
 Cast: Flame Tongue      |    66 |   121 |   128 ||   315
       Conjure Flame     |       |     1 |     1 ||     2
       Sticky Flame      |       |     1 |    11 ||    12
  Use: Potion            |       |     5 |     1 ||     6
       Scroll            |       |       |    12 ||    12
  Eat: Chunk             |       |     3 |     5 ||     8
       Meat ration       |       |     1 |     1 ||     2
Armor: Robe              |     7 |     3 |     3 ||    13
       Skin              |       |     6 |       ||     6
Dodge: Dodged            |    17 |    30 |    20 ||    67
